[Event "Italian-ch Semifinal 2022"]
[Site "Acqui Terme"]
[Date "2022.06.15"]
[Round "5.1"]
[White "Barp, Alberto"]
[Black "Lettieri, Giuseppe"]
[Result "1-0"]
[ECO "E11"]
[WhiteElo "2384"]
[BlackElo "2445"]
[Annotator "TA"]
[PlyCount "147"]
[EventDate "2022.06.15"]
[EventType "swiss"]
[EventCountry "ITA"]
[SourceTitle "playchess.com"]
[Source "ChessBase"]
[SourceQuality "1"]
[TimeControl "40/5400+30:1800+30"]

1. d4 Nf6 2. c4 e6 3. Nf3 d5 4. g3 Bb4+ 5. Bd2 Be7 6. Bg2 O-O 7. O-O c6 8. Qc2 Nbd7 9. Bf4 b6 {[%emt 0:01:29] E11: Bogo-Indian.} 10. Nbd2 Nh5 11. e3 $1 {[%emt 0:04:34][%mdl 4] outshines the older 11.Be3.} Nxf4 {[%emt 0:00:32] The position is equal.} 12. exf4 Bb7 13. cxd5 cxd5 14. Rfc1 Rc8 15. Qa4 a6 16. Bf1 b5 17. Qd1 {[%emt 0:00:27] [#]} Nb6 $146 ({Predecessor:} 17... Rxc1 18. Rxc1 Qb8 19. Bd3 Rc8 20. Rb1 Qd6 21. Qe2 Bf6 22. h4 g6 23. h5 Bg7 24. hxg6 hxg6 {½-½ (98) Matlakov,M (2671)-Niemann,H (2678) Chess.com INT 2022}) 18. Bd3 Nc4 19. Rc2 Qb6 20. Qe2 Rc7 21. Rd1 Rfc8 22. h4 a5 23. h5 a4 24. b3 Na3 25. Rxc7 Rxc7 ({But not} 25... Qxc7 26. Ng5 $16) 26. Nb1 Qd6 (26... Nxb1 $11 {remains equal.} 27. Rxb1 axb3) 27. Nxa3 Qxa3 28. h6 (28. Ng5 $142) 28... Bf6 (28... gxh6 $142 29. Ne5 Bf6) 29. hxg7 $1 $16 axb3 30. axb3 Qxb3 31. Ne5 Bxg7 32. Bxb5 {[%emt 0:02:28] White is more active.} (32. f5 $16) 32... Rc2 $11 33. Qh5 Qxb5 $4 (33... Bxe5 $11 34. Qg5+ (34. Bd3 Bxd4 35. Qg5+ Kf8 $11) 34... Kf8 35. Qd8+ Kg7 36. Qg5+ Kf8 37. Qd8+ Kg7 38. Qg5+ Kf8) 34. Qxf7+ $18 Kh8 35. Qxe6 (35. Kg2 $142 Rxf2+ 36. Kxf2 Qb2+ 37. Kg1) 35... Bxe5 36. Qxe5+ Kg8 37. Qg5+ (37. Qe6+ $142 Kh8 38. Qf6+ Kg8 39. Qg5+ Kf7 40. Qf5+ Kg8 41. Qxc2) 37... Kh8 38. Qf6+ (38. Qd8+ $142 Kg7 39. Qe7+ Kg8 40. Re1 Rc8 41. Qg5+ Kh8 42. Qf6+ (42. Re7 Rc1+ 43. Kh2 Rh1+ 44. Kxh1 Qf1+ 45. Kh2 Qxf2+ 46. Kh1 Qf1+ 47. Kh2 Qf2+ 48. Kh3 Bc8+ 49. f5 Bxf5+ 50. g4 Qf3+ 51. Kh4 Qf2+ 52. Kh3 Qf3+ 53. Kh4 Qf2+ 54. Kh3 $11) 42... Kg8 43. Re5 Qb1+ 44. Kg2) 38... Kg8 39. Qd8+ Kf7 40. Re1 {[%emt 0:00:00] Against Qe8. White wants to mate with Re7+.} Re2 {[%emt 0:00:00] Against Re7+} 41. Qc7+ {[%emt 0:04:15][%mdl 64] Skewer} Kf6 42. Rxe2 Qxe2 43. Qb6+ Qe6 44. Qxb7 {[%emt 0:00:18][%mdl 4096] Endgame KQ-KQ} Qe1+ 45. Kg2 Qe4+ 46. Kg1 Qe1+ 47. Kg2 Qe4+ 48. Kh2 $1 Qxd4 49. Qc6+ Ke7 50. Qc2 Kd6 51. Kg1 Qa7 (51... Qa1+ {was necessary.} 52. Kg2 Qa8) 52. Qe2 {[%emt 0:02:25] Strongly threatening Qe5+.} Kc5 53. f5 Qa1+ 54. Kg2 Qf6 {[%emt 0:00:02] Against Qe7+} 55. Qc2+ Kd6 56. Kf3 (56. Qc8 $142 {Black must now prevent Qa6+.} Qf7 57. Qb8+ Kc6 58. Qe5) 56... h5 57. Qc8 $2 (57. Kg2 $1 $18) 57... Ke5 $11 58. Qe8+ Kxf5 59. Qxh5+ Ke6+ 60. Kg2 {[%emt 0:00:37] And now Qe2+ would win.} Qc3 $1 61. g4 d4 $1 62. Qf5+ Kd6 63. Qf6+ Kd5 (63... Kd7 $1 $11 {keeps the balance.}) 64. g5 $16 {[%emt 0:00:07] Threatening mate with g6.} Qc8 65. Qf3+ Ke5 $2 {[%emt 0:00:37][%mdl 8192] [#]} (65... Kc4 $16) 66. g6 $2 (66. Qg3+ $1 $18 Ke4 67. g6) 66... Qg8 $2 {[%emt 0:01:37][%mdl 8192] [#]} (66... d3 $11) 67. Qf7 $1 {[%emt 0:00:16] White mates.} Qa8+ 68. Kg3 d3 69. f4+ Ke4 70. g7 d2 71. Qe6+ Kd4 72. g8=Q Qa3+ 73. Qb3 d1=Q 74. Qgd5# {[%emt 0:00:13] Weighted Error Value: White=0.60/Black=0.24 (precise)} 1-0

[Event "Italian-ch Semifinal 2022"]
[Site "Acqui Terme"]
[Date "2022.06.15"]
[Round "5.2"]
[White "Boraso, Alessio"]
[Black "Genocchio, Daniele"]
[Result "1/2-1/2"]
[ECO "B11"]
[WhiteElo "2287"]
[BlackElo "2365"]
[Annotator "TA"]
[PlyCount "208"]
[EventDate "2022.06.15"]
[EventType "swiss"]
[EventCountry "ITA"]
[SourceTitle "playchess.com"]
[Source "ChessBase"]
[SourceQuality "1"]
[TimeControl "40/5400+30:1800+30"]

1. e4 c6 2. Nc3 d5 3. Nf3 dxe4 4. Nxe4 Bf5 5. Ng3 Bg4 6. h3 Bxf3 7. Qxf3 Nf6 {[%emt 0:02:17] B11: Caro-Kann: Two Knights Variation.} 8. b3 e6 9. Bb2 Be7 {[%emt 0:05:20] The position is equal.} 10. Bd3 Nbd7 {[%emt 0:00:50] [#]} 11. Rd1 $146 ({Predecessor:} 11. O-O Nc5 12. Ne4 {½-½ (12) Jensen,A (1955)-Spillum,J (1800) Moss 2003}) 11... Qa5 12. Bc3 {[%emt 0:03:26] This bishop pair is nice.} Bb4 13. Bxb4 Qxb4 14. Ne4 O-O-O 15. Nxf6 gxf6 16. Qe3 Rhg8 17. O-O Qh4 18. Kh2 f5 19. g3 Qf6 20. f4 Nb6 21. Be2 Nd5 (21... Qb2 $15) 22. Qxa7 $14 e5 (22... Qb2 $14) 23. fxe5 $1 $16 Qxe5 24. Qf2 f4 25. gxf4 Nxf4 26. Bg4+ Ne6+ 27. Qf4 Qd5 (27... Qxf4+ $16 {might work better.} 28. Rxf4 h5) 28. Qxf7 $2 (28. c4 $1 $18 Qd6 29. Qxd6 Rxd6 30. Rxf7) 28... Rxg4 $1 $14 29. hxg4 {[%emt 0:00:17] Rfe1 is the strong threat. Really sharp!} Qe5+ 30. Kh1 (30. Kg2 $1 $16 Rf8 31. Qxe6+ $3 (31. Qxh7 $2 Nf4+ 32. Kg3 Ng6+ 33. Kg2 Qe2+ 34. Kg3 Qe5+ 35. Kg2 Qe2+ 36. Kg3 Qe5+ $19) 31... Qxe6 32. Rxf8+ Kc7 33. Kg3) 30... Rf8 $1 $11 31. Qxf8+ (31. Qxh7 $2 Rh8 32. Qxh8+ Qxh8+ 33. Kg2 Qh4 $19) 31... Nxf8 32. Rxf8+ {[%emt 0:00:03][%mdl 4096] Endgame KQ-KRR} Kc7 33. Rf2 Qe4+ 34. Rg2 {[%emt 0:00:28] Threatens to win with d3.} Qxc2 35. Re1 Qxa2 36. Re3 Kb6 37. Kh2 Qa3 38. Kh3 Qf8 39. Rge2 Qf6 40. Kg3 Qd6+ 41. Kf3 Qd5+ 42. Kf4 Qf7+ 43. Kg3 Qd5 44. Kh4 h6 45. Kg3 Ka6 46. Kf2 b6 47. Kg3 c5 48. Rf2 Ka5 49. Rc3 Qh1 50. Rcf3 Qe1 51. Re3 Qg1+ 52. Rg2 Qd1 53. Rh2 Qg1+ 54. Rg2 Qa1 55. Rf2 Qg7 56. Rf5 Qd7 57. Rf2 Qd6+ 58. Kh3 Kb4 59. Rc3 Ka3 60. Rcf3 b5 61. Rc3 b4 62. Re3 Qd4 63. Kg3 Qd5 64. Kh3 Qh1+ 65. Kg3 Qd5 66. Kh3 Qd4 67. Kg3 Ka2 68. Rff3 Qd6+ 69. Kg2 Qg6 70. Kh3 h5 71. gxh5 Qxh5+ 72. Kg2 Kb2 73. Rf2 Qg4+ 74. Kf1 Qd4 75. Rg3 Kc2 {[%emt 0:00:14][%mdl 1024] Black has compensation.} 76. Re3 {[%emt 0:00:25] [#]} (76. Kg2 $11) 76... Qa1+ ({Better is} 76... c4 $1 $17 77. bxc4 b3 78. d3+ Kc3) 77. Kg2 {[%emt 0:00:20] Intending d4+ and mate.} Qg7+ 78. Kf1 Qa1+ 79. Kg2 {[%emt 0:00:01] White threatens d4+ and mate.} Qa8+ 80. Kg1 {[%emt 0:00:20] Strongly threatening d4+.} Kd1 ({Reject} 80... Qa1+ $6 81. Kg2 $15) 81. Rg3 Qd5 82. Rf1+ Kc2 83. Rf2 Kd1 84. Rf1+ Kc2 85. Rf2 Qd4 86. Kf1 Kd1 87. Re3 Kc2 88. Rh3 Kd1 (88... c4 $5 89. d3+ (89. bxc4 $2 b3 $19) 89... Kxb3 90. dxc4+ Kxc4 $17) 89. Re3 Kc2 90. Rh3 Qa1+ (90... c4 $5 91. d3+ (91. bxc4 $2 b3 $19) 91... Kxb3 92. dxc4+ Kxc4 $17) 91. Kg2 {[%emt 0:00:11] Threatening mate with d4+.} Qg7+ 92. Rg3 Qd4 93. Kf1 Kc1 94. Re3 c4 95. bxc4 Kc2 96. c5 b3 {[%emt 0:00:42] Hoping for ...b2.} 97. d3+ (97. c6 $11 {remains equal.}) 97... Kc3 $17 98. Ree2 Qxd3 {[%emt 0:00:55] ( -> ...b2)} 99. Kg1 Qd1+ 100. Kh2 Kb4 {[%emt 0:00:05] Black is clearly better.} 101. c6 Qd6+ 102. Kh3 Qxc6 103. Kg4 Qg6+ 104. Kh4 Qh6+ {[%emt 0:00:13] What a bad dream for White.  Weighted Error Value: White=0.12 (very precise) /Black=0.11 (very precise)} 1/2-1/2

[Event "Italian-ch Semifinal 2022"]
[Site "Acqui Terme"]
[Date "2022.06.15"]
[Round "5.3"]
[White "Pasini, Nicolo"]
[Black "Carnicelli, Valerio"]
[Result "1/2-1/2"]
[ECO "B48"]
[WhiteElo "2227"]
[BlackElo "2319"]
[Annotator "TA"]
[PlyCount "33"]
[EventDate "2022.06.15"]
[EventType "swiss"]
[EventCountry "ITA"]
[SourceTitle "playchess.com"]
[Source "ChessBase"]
[SourceQuality "1"]
[TimeControl "40/5400+30:1800+30"]

1. e4 c5 2. Nf3 Nc6 3. d4 cxd4 4. Nxd4 e6 5. Nc3 Qc7 6. Be3 a6 7. g4 $1 {[%emt 0:00:00][%mdl 4] now scores much better than the old 7.Qd2. B48: Sicilian: Taimanov: 5 Nc3 Qc7 6 Be3 a6 without Be2.} b5 8. Nxc6 Qxc6 9. Qd2 b4 10. Ne2 Qxe4 11. Rg1 {[%emt 0:00:00] [#] Threatens to win with Bg2.} Qc6 12. Bg2 {[%emt 0:00:00][%mdl 1024] White has compensation.} d5 13. O-O-O Bb7 {[%emt 0:00:04] [#]} 14. f4 $146 ({Predecessor:} 14. Nf4 Nf6 15. Bd4 Rc8 16. g5 Ne4 17. Bxe4 dxe4 18. Nh5 Rg8 19. Bf6 Qd5 20. b3 Qxd2+ 21. Rxd2 e3 22. fxe3 Bf3 23. Rgd1 Bxd1 24. Rxd1 Bc5 25. Nxg7+ Kf8 {0-1 (25) Nielsen,V (2323)-Hacker,J (2396) Ballerup 2022}) 14... Nf6 15. f5 exf5 16. Nf4 ({Better is} 16. Nd4 $14 Qa4 17. Nb3) 16... O-O-O $11 (16... Nxg4 $2 17. Bxd5 Qc7 18. Rge1 $18) 17. gxf5 {[%emt 0:00:00] An even fight not without its subleties.  Weighted Error Value: White=0.12 (very precise) /Black=0.06 (flawless)} 1/2-1/2

[Event "Italian-ch Semifinal 2022"]
[Site "Acqui Terme"]
[Date "2022.06.15"]
[Round "5.4"]
[White "Lumachi, Gabriele"]
[Black "Bettalli, Francesco"]
[Result "1-0"]
[ECO "A01"]
[WhiteElo "2347"]
[BlackElo "2304"]
[Annotator "TA"]
[PlyCount "103"]
[EventDate "2022.06.15"]
[EventType "swiss"]
[EventCountry "ITA"]
[SourceTitle "playchess.com"]
[Source "ChessBase"]
[SourceQuality "1"]
[TimeControl "40/5400+30:1800+30"]

1. b3 e5 2. Bb2 d6 3. e3 g6 4. d4 Bg7 5. dxe5 Nd7 6. Nf3 Nxe5 7. Nxe5 {[%emt 0:00:17] A01: Nimzowitsch-Larsen Opening.} Bxe5 8. Nc3 Ne7 (8... f5 $11) 9. f4 {[%emt 0:00:58] White is slightly better.} Bg7 10. Qf3 O-O 11. O-O-O {[%emt 0:00:18] [#]} f5 $146 ({Predecessor:} 11... a5 12. a4 Bd7 13. e4 Kh8 14. g4 f5 15. gxf5 gxf5 16. Rg1 Ng6 17. e5 Bc6 {1-0 (28) Gabuzyan,H (2557)-Ohanyan,E (2345) Yerevan 2021}) 12. Bc4+ Kh8 13. e4 {[%emt 0:00:13][%cal Oe4e5] Strongly threatening e5! White is much more active.} c6 14. Rhe1 Qc7 15. Bf1 (15. Ne2 $16) 15... fxe4 $1 $11 16. Nxe4 {[%emt 0:00:12] Hoping for Bxg7+.} Nd5 17. g3 Bf5 18. Ng5 (18. Bc4 $11) 18... Bxb2+ (18... Rae8 $1 $17 {...h6 is the strong threat.} 19. Bc4 h6 20. Bxg7+ Qxg7 21. Bxd5 cxd5) 19. Kxb2 Qg7+ 20. c3 Rae8 21. Bc4 Bg4 22. Nf7+ $1 Qxf7 (22... Kg8 $11 {keeps the balance.} 23. Nh6+ Qxh6 24. Qxg4 Qxh2+ 25. Ka3 Rxe1 26. Rxe1 Qd2) 23. Qxg4 $16 Rxe1 24. Rxe1 b5 25. Bxd5 Qxd5 {[%emt 0:00:02][%mdl 4096] Endgame KQR-KQR} 26. Qe2 {[%emt 0:02:10] Against Qd2+} Rf6 $2 (26... Kg7 $14) 27. Qe3 $2 (27. Qe8+ $18 Kg7 28. Re7+ Rf7 29. Rxf7+ Qxf7 30. Qxc6) 27... a5 $14 28. Re2 Kg7 (28... Kg8 $1 $14) 29. Qa7+ $16 Rf7 30. Qxa5 Qd1 (30... Qd3 $16 {was called for.} 31. Rc2 Re7) 31. Rc2 $18 Re7 32. c4 (32. Qb6 $142) 32... bxc4 33. Qc3+ Kh6 (33... Kf8 $16) 34. Qxc4 ({And not} 34. Qf6 Re8 $11) 34... c5 {[%emt 0:02:06] [#]} 35. Qc3 (35. f5 $1 $18 {Threatens to win with Qh4+.} Re1 36. fxg6 (36. Ka3 gxf5 37. Qc3 Re6 $16) 36... hxg6 37. Rf2 (37. Ka3 Rf1 $16) 37... Qa1+ 38. Ka3) 35... Re1 $16 36. Qd2 Qb1+ 37. Ka3 Rd1 38. Qc3 $36 {[%emt 0:00:48][%mdl 2048] White is really pushing.} Rd4 39. Rd2 (39. g4 $16) 39... Qe4 $2 {[%emt 0:00:02] [#]} (39... Qe1 $1 $11 40. Rd3 Qxc3 41. Rxc3 Rd2) 40. Kb2 $1 $18 Qd5 (40... Rxd2+ $142 41. Qxd2 d5) 41. Rxd4 cxd4 {[%emt 0:01:25] KQ-KQ} 42. Qd2 Kg7 43. a4 Kf7 (43... Qe4 $142 44. a5 Kf8) 44. Qd3 {[%emt 0:05:04] aiming for Qc4.} Qg2+ 45. Qc2 Qg1 46. Qd2 Ke6 47. a5 Kd7 48. a6 {[%emt 0:01:00] And now a7 would win.} Qf1 49. a7 Qa6 50. Qxd4 {[%emt 0:00:07] White wants to mate with Qa4+.} Qe2+ 51. Ka3 Qa6+ 52. Qa4+ {[%emt 0:00:05] Weighted Error Value: White=0.26 (precise) /Black=0.53} 1-0

[Event "Italian-ch Semifinal 2022"]
[Site "Acqui Terme"]
[Date "2022.06.15"]
[Round "5.5"]
[White "Palozza, Christian"]
[Black "Pisacane, Pietro"]
[Result "1-0"]
[ECO "E05"]
[WhiteElo "2284"]
[BlackElo "2138"]
[Annotator "TA"]
[PlyCount "119"]
[EventDate "2022.06.15"]
[EventType "swiss"]
[EventCountry "ITA"]
[SourceTitle "playchess.com"]
[Source "ChessBase"]
[SourceQuality "1"]
[TimeControl "40/5400+30:1800+30"]

1. d4 d5 2. c4 e6 3. Nf3 Nf6 4. g3 Be7 5. Bg2 O-O 6. O-O dxc4 7. Qc2 b5 8. a4 {[%emt 0:02:05] E05: Open Catalan: 5 Nf3 Be7.} b4 9. Nfd2 c6 10. Nxc4 {[%emt 0:00:24] The position is equal.} Qxd4 11. Rd1 Qc5 12. Be3 {[%emt 0:00:12][%mdl 1024] White has compensation.} Qh5 13. Nbd2 e5 {[%emt 0:12:02] [#] Against Bd4 13...Nd5 is becoming the main line.} 14. Nf1 $146 (14. Ne4 $14) ({Predecessor:} 14. Nf3 Ng4 15. Rac1 Bf5 16. Qb3 e4 17. Nh4 Bxh4 18. gxh4 Qxh4 19. h3 Nxe3 20. Qxe3 {0-1 (39) Solon,N (2306)-Timmermans,M (2385) Chess.com INT 2021}) 14... Bf5 $11 15. Qc1 Be6 16. Bf3 Qf5 17. Nd6 Bxd6 18. Rxd6 Bd5 (18... a5 $11) 19. Qc5 (19. g4 $16 Qc8 20. Ng3) 19... a5 20. Bxd5 (20. g4 $1 $11 Qc8 21. Bxd5 Nxd5 22. f3) 20... cxd5 $17 21. Rc1 Nbd7 $36 {[%emt 0:07:44][%mdl 2048] Black is in control.} 22. Qc2 Qxc2 23. Rxc2 Rfc8 24. Rxc8+ Rxc8 25. Ra6 d4 26. Bg5 ({White should play} 26. Bd2) 26... Ne4 27. Be7 Nb8 (27... Re8 $17 28. f3 Nc3) 28. Ra8 f6 {[%emt 0:00:27] And now ...Kf7 would win.} ({Resist} 28... Re8 29. f3 Nf6 30. Bxf6 gxf6 31. g4 $16) 29. f3 {[%emt 0:00:45] [#]} Nc3 30. Bd6 $1 {[%emt 0:00:53] [#]} Nxa4 $1 31. b3 {[%emt 0:00:38] [#]} Nc3 32. Rxb8 $11 Rxb8 33. Bxb8 Nxe2+ 34. Kf2 Nc3 35. Nd2 $1 a4 36. bxa4 Nxa4 37. Bd6 Kf7 38. Bxb4 Ke6 39. Ke2 (39. Ne4 $14) 39... Kd5 (39... f5 $11) 40. Bf8 $1 $16 g6 41. Ne4 $1 f5 42. Nf6+ Kc4 43. Bh6 ({Don't play} 43. Nxh7 $6 Kc3 44. Ba3 Kc2 $11) 43... Nc3+ 44. Ke1 $1 e4 45. fxe4 fxe4 46. Nxh7 {[%emt 0:00:51] Strongly threatening Nf8.} e3 47. Nf8 (47. Ng5 $1 $16) 47... Nd5 $11 {[%emt 0:02:16] White must now prevent ...d3.} 48. Nxg6 d3 49. Bg7 $2 (49. Ne5+ $11 Kd4 50. Nf3+ Ke4 51. Bxe3 $1) 49... d2+ $2 ({Better is} 49... Kb3 $1 $19 {[%cal Rb3c2] ( -> ...Kc2)} 50. Kd1 e2+ 51. Kd2 Ne3) 50. Kd1 {[%emt 0:00:37] Ba1 is the strong threat.} Kd3 51. Ne5+ Ke4 $2 {[%emt 0:00:19][%mdl 8192] [#]} (51... Kd4 $11 52. Nd7+ Kc4 53. Ne5+ Kd4 54. Nf7+ Kd3 55. Ne5+ Kd4) 52. Nc4 $1 $18 Kf3 {[%emt 0:00:45] [#]} 53. Bd4 $1 {[%emt 0:03:12][%cal Oc4e3] Threatens to win with Nxe3!} Kg2 54. h4 (54. Nxe3+ $142 Kxh2 55. Nxd5 Kxg3 56. Ba1) 54... Kxg3 (54... e2+ $142 55. Kxe2 Kxg3 56. Bf2+ Kg4 57. Kxd2 Kh5) 55. h5 {[%emt 0:00:01][%cal Bh4h5,Bh5h6,Bh6h7][%mdl 32] h6 would kill now.} Ne7 56. h6 {[%emt 0:00:18] Intending Ne5 and mate.} Nf5 57. h7 {[%emt 0:00:39] White mates.} e2+ 58. Kxe2 Nxd4+ 59. Kxd2 Nf3+ 60. Kd1 {[%emt 0:00:08] Weighted Error Value: White=0.48/Black=0.63} 1-0

[Event "Italian-ch Semifinal 2022"]
[Site "Acqui Terme"]
[Date "2022.06.15"]
[Round "5.6"]
[White "Perossa, Nicolas"]
[Black "Misiano, Franco"]
[Result "1/2-1/2"]
[ECO "B30"]
[WhiteElo "2139"]
[BlackElo "2195"]
[Annotator "TA"]
[PlyCount "80"]
[EventDate "2022.06.15"]
[EventType "swiss"]
[EventCountry "ITA"]
[SourceTitle "playchess.com"]
[Source "ChessBase"]
[SourceQuality "1"]
[TimeControl "40/5400+30:1800+30"]

1. e4 c5 2. Nf3 Nc6 3. Bb5 Nf6 4. Bxc6 dxc6 5. Nc3 Bg4 6. d3 {[%emt 0:00:35] B30: Sicilian: 2...Nc6 3 Bb5, lines without ...g6.} Qc7 7. Be3 e5 8. h3 {[%emt 0:02:53] White has an edge.} Bh5 9. g4 Bg6 10. Nh4 Nd7 (10... c4 $11) 11. Qf3 $14 f6 12. Nxg6 hxg6 {[%emt 0:00:27] [#]} 13. Qg3 $146 ({Predecessor:} 13. g5 Be7 14. Qg4 Nf8 15. O-O-O Qd7 16. Qg3 O-O-O 17. gxf6 gxf6 18. f4 exf4 19. Bxf4 {½-½ (47) Du,Y (2103)-Dai,C (2436) Danzhou 2016}) 13... g5 14. O-O-O Rh4 15. Nb1 O-O-O 16. Nd2 Be7 17. Rh2 Rdh8 18. Rdh1 Nf8 19. Nf3 R4h7 20. h4 gxh4 21. Rxh4 g5 22. Rxh7 Rxh7 23. Rxh7 Nxh7 24. Qh3 Nf8 25. Qh8 Qd8 26. Qg8 Qd7 27. Qf7 Kd8 28. Nh2 Qe6 29. Qxe6 Nxe6 $11 {[%emt 0:00:11][%mdl 4096] Endgame KBN-KBN} 30. c3 Kd7 31. Nf1 b6 32. Ng3 Bd6 33. Nf5 Bf8 34. Kc2 Kc7 35. a4 Kd7 36. f3 Kc7 37. b3 Kd7 38. Bc1 Kc7 39. Ba3 c4 40. Bc1 (40. b4 $11 {keeps the balance.}) 40... cxd3+ {[%emt 0:59:55] Weighted Error Value: White=0.12 (very precise) /Black=0.05 (flawless)} ({Better is} 40... cxb3+ $17 41. Kxb3 Nc5+ 42. Kc2 Nxa4) 1/2-1/2

[Event "Italian-ch Semifinal 2022"]
[Site "Acqui Terme"]
[Date "2022.06.15"]
[Round "5.7"]
[White "Paduano, Claudio"]
[Black "Martorelli, Antonio"]
[Result "0-1"]
[ECO "E80"]
[WhiteElo "2138"]
[BlackElo "2141"]
[Annotator "TA"]
[PlyCount "110"]
[EventDate "2022.06.15"]
[EventType "swiss"]
[EventCountry "ITA"]
[SourceTitle "playchess.com"]
[Source "ChessBase"]
[SourceQuality "1"]
[TimeControl "40/5400+30:1800+30"]

1. d4 Nf6 2. c4 g6 3. Nc3 Bg7 4. e4 d6 5. f3 e5 6. d5 Nh5 7. Be3 f5 8. Nge2 {[%emt 0:12:32] E80: King's Indian: Sämisch: Lines without early ...0-0.} Na6 {[%emt 0:06:17] [#]} 9. b4 $146 ({Predecessor:} 9. Qd2 f4 10. Bf2 g5 11. O-O-O Nc5 12. g4 Nf6 13. h4 h6 14. hxg5 hxg5 15. Rxh8+ Bxh8 {1-0 (47) Jehle,A (1973)-Djalalova,N (1896) Stuttgart 2007}) 9... O-O 10. a3 {[%emt 0:02:40] The position is equal.} c6 11. Qd2 c5 12. Nc1 Qh4+ 13. Bf2 Qd8 14. Nd3 Nf4 15. bxc5 ({White should try} 15. Rb1 $14) 15... Nxd3+ (15... Bh6 $1 $15 16. Qc2 (16. Nxf4 Nxc5 17. Qc2 exf4 $11) 16... Qa5) 16. Bxd3 $14 {[%emt 0:00:21] Black must now prevent cxd6.} Nxc5 17. Bxc5 dxc5 18. O-O Qa5 19. Rfb1 Bh6 20. Qxh6 Qxc3 21. Rd1 f4 (21... fxe4 $11 {remains equal.} 22. Bxe4 Bf5) 22. Qg5 $16 Bd7 23. Qe7 (23. a4 $1 $16) 23... Ba4 $15 24. Qxb7 $2 Bxd1 25. Rxd1 a5 $2 ({Black should play} 25... Qd4+ $19 26. Kh1 Rab8) 26. Bf1 (26. Qc6 $11) 26... Qc2 $17 ({Reject} 26... Qxa3 $6 27. d6 Qe3+ 28. Kh1 $11) ({Worse is} 26... Qe3+ 27. Kh1) 27. Re1 $2 (27. Ra1 $17) 27... Rab8 $2 (27... Qd2 $19 {has better winning chances.} 28. Rb1 Qe3+ 29. Kh1 Rab8 30. Qxb8 Rxb8 31. Rxb8+ Kf7) 28. Qe7 Qc3 $1 29. Qe6+ Rf7 $1 30. Rd1 Qe3+ 31. Kh1 Qb3 32. Re1 (32. Ra1 $17 {only move.}) 32... Qc3 $2 (32... Qxa3 $19 33. Qc6 Qb2) 33. Rd1 Qc2 34. Re1 (34. Ra1 $17 {was the only chance.}) 34... Qd2 $1 $40 {[%emt 0:00:36][%mdl 128] Black goes for the king.} 35. Ra1 Qd4 36. Re1 Rbb7 37. Qe8+ {[%emt 0:00:30] [#]} Kg7 $1 38. Qa4 $2 {[%emt 0:00:28] [#]} (38. Qe6 $17 {keeps fighting.}) 38... Qc3 $1 39. Rd1 Qb3 40. Qxb3 Rxb3 {[%emt 0:00:00][%mdl 4096] Endgame KRR-KRB} 41. g3 fxg3 42. d6 Rfxf3 ({Avoid the trap} 42... Rbxf3 $2 43. Be2 Rf2 44. hxg3 $19) 43. d7 {[%emt 0:06:00] [#]} Rxf1+ $1 44. Rxf1 {[%emt 0:00:02] KR-KR} Rd3 45. hxg3 Rxd7 46. Rb1 Rd3 47. Rb5 Rxa3 48. Kg2 a4 49. Rxc5 Kf6 50. Kf2 $2 (50. Ra5) 50... Rc3 {[%emt 0:02:35] Hoping for ...h5.} 51. Kg2 a3 52. Rc6+ Kg5 {[%emt 0:00:30] Strongly threatening ...Kg4.} 53. c5 Kg4 54. Ra6 Rc2+ 55. Kg1 a2 {[%emt 0:00:16] Weighted Error Value: White=0.72/Black=0.27 (precise)} 0-1

[Event "Italian-ch Semifinal 2022"]
[Site "Acqui Terme"]
[Date "2022.06.15"]
[Round "5.8"]
[White "Corvi, Marco"]
[Black "Pegno, Mattia"]
[Result "1-0"]
[ECO "A35"]
[WhiteElo "2318"]
[BlackElo "2065"]
[Annotator "TA"]
[PlyCount "119"]
[EventDate "2022.06.15"]
[EventType "swiss"]
[EventCountry "ITA"]
[SourceTitle "playchess.com"]
[Source "ChessBase"]
[SourceQuality "1"]
[TimeControl "40/5400+30:1800+30"]

1. c4 c5 2. Nc3 Nc6 3. Nf3 e5 4. e3 f5 5. d4 e4 6. d5 {[%emt 0:06:55] A35: Symmetrical English: 2 Nc3 Nc6 3 Nf3.} exf3 7. dxc6 dxc6 8. Qxd8+ {[%emt 0:03:11] White has an edge.} Kxd8 9. gxf3 g6 10. e4 {[%emt 0:04:47] [#]} Bg7 $146 ({Predecessor:} 10... Bd6 11. Be3 Nf6 12. Bg5 Rf8 13. O-O-O Kc7 14. Bg2 Nh5 15. Rxd6 Kxd6 16. Rd1+ Ke6 {1-0 (94) Bauer,C (2647)-Rindlisbacher,L (2289) Zuerich 2014}) 11. Bg5+ Ke8 12. O-O-O Be6 13. Bh3 {[%emt 0:12:01] Black must now prevent exf5.} h6 (13... Kf7 $11) 14. exf5 $2 {[%emt 0:06:42][%mdl 8192] White is more active.} (14. Be3 $16 {stays on course.}) 14... hxg5 $19 15. Rhe1 Rxh3 16. Rxe6+ Kf8 17. Ne4 Rxf3 18. fxg6 Re8 $2 (18... Bd4 $19 {Threatens to win with ...Kg7.} 19. Nxg5 Rxf2) 19. Nxg5 $16 Bh6 20. g7+ $1 {[%emt 0:00:23][%mdl 64] [#] Decoy} Kxg7 21. Rd7+ Re7 22. Rdxe7+ Nxe7 23. Rxh6 Rxf2 {[%emt 0:00:52][%mdl 4096] Endgame KRN-KRN} 24. Rh7+ Kf8 25. Ne6+ Ke8 26. Nxc5 b6 27. Nd3 Re2 28. h4 a5 29. h5 Re4 30. b3 Kd7 31. Kd2 a4 $2 (31... Ke6 $16 32. Ne1 Kf5) 32. bxa4 $18 Kd6 33. Rh6+ Kc7 34. Kc3 {[%emt 0:01:14] Hoping for Rf6.} Re2 $2 (34... Rh4 $16 35. Ne5 c5) 35. a3 (35. Rh7 $142) 35... Ra2 (35... Rh2 $142 36. c5 bxc5 37. Nxc5 Nf5) 36. Kb3 Re2 (36... Rh2 $142 37. Rh7 Kd6) 37. Rf6 Re3 38. Kc3 {[%emt 0:01:09] And now Kd2 would win.} Rh3 39. Re6 (39. h6 $18) 39... Kd7 (39... Nf5 $14) 40. Re5 Kd6 $2 (40... Ng8 $16) 41. Rg5 Rh4 (41... Ke6 {might work better.} 42. a5 bxa5 43. Rxa5 Ng8 44. Re5+ Kd6) 42. a5 b5 (42... bxa5 43. Rxa5 Ng8) 43. cxb5 {[%emt 0:11:26] White is clearly winning.} Nd5+ 44. Kb3 cxb5 45. a6 {[%emt 0:01:53][%cal Og5d5] [#] aiming for Rxd5+!} Nc7 46. Rg6+ Kd5 47. Nb4+ Kd4 48. Rc6 Rh3+ 49. Kb2 Nxa6 50. Rxa6 Rxh5 {[%emt 0:00:10] KRN-KR} 51. Rd6+ Kc4 52. Rc6+ Kd4 53. Rc3 Rh7 54. Kb3 {[%emt 0:00:06] Nc6+ is the strong threat.} Rh1 55. Nc2+ Kd5 56. Kb4 Rb1+ 57. Rb3 Rc1 58. Rb2 Rh1 59. Kxb5 Rh8 60. Nb4+ {[%emt 0:00:12] What a bad dream for Black.  Weighted Error Value: White=0.35/Black=0.63} 1-0